 Dungeon Crawl Stone Soup version 0.31.0-12-g77e489cdc1 (webtiles) character file.

Game seed: 15193697946881314182

44576 BlackCrag the Bludgeoner (level 13, -1/187 HPs)
             Began as a Minotaur Berserker on Mar 7, 2024.
             Was a High Priest of Trog.
             Slain by an ancient zyme (10 damage)
             ... on level 3 of the Abyss.
             The game lasted 01:16:18 (18654 turns).

BlackCrag the Bludgeoner (Minotaur Berserker)      Turns: 18654, Time: 01:16:19

Health: -1/187     AC: 30    Str: 26    XL:     13   Next: 97%
Magic:  2/3        EV: 10    Int:  4    God:    Trog [*****.]
Gold:   1422       SH:  0    Dex: 11    Spells: 12/12 levels left

rFire   . . .        V - +3 demon whip (flame)
rCold   . . .        (no shield)
rNeg    + + +        W - +2 plate armour {rPois}
rPois   +            U - +2 hat {SInv}
rElec   .            m - +2 cloak {rPois}
rCorr   +            O - +1 pair of gloves {hurl}
SInv    +            L - +3 pair of boots of the Spider Nest {+Inv rN+++ rCorr MP-9}
Will    +++..        M - amulet of the acrobat Stlth
                     T - ring of willpower
HPRegen 1.00/turn    r - ring of poison resistance
MPRegen 0.08/turn

%: acrobat
@: berserking, strong-willed, sick, regenerating, studying Dodging, very quick
A: horns 2, retaliatory headbutt
a: Renounce Religion, Evoke Invisibility, Berserk, Trog's Hand, Brothers in Arms


You were on level 3 of the Abyss.
You worshipped Trog.
Trog was extremely pleased with you.
You visited 1 branch of the dungeon, and saw 15 of its levels.
You visited the Abyss 1 time.
You also visited: Ossuary, Bailey and Gauntlet.

You collected 1422 gold pieces.

Inventory:

Hand Weapons
 y - a +5 great mace of flaming
 E - a +1 whip of electrocution
 P - a +2 dire flail of holy wrath
 V - a +3 demon whip of flaming (weapon)
Missiles
 a - 5 silver javelins
 o - 19 boomerangs (quivered)
 R - 5 javelins
Armour
 m - a +2 cloak of poison resistance (worn)
 L - the +3 pair of boots of the Spider Nest (worn) {+Inv rN+++ rCorr MP-9}
   (You acquired it in a bailey)

   rN+++:     It renders you almost immune to negative energy.
   MP-9:      It affects your magic capacity (-9).
   +Inv:      It lets you turn invisible.
   rCorr:     It protects you from acid and corrosion.
 O - a +1 pair of gloves of hurling (worn)
 U - a +2 hat of see invisible (worn)
 W - a +2 plate armour of poison resistance (worn)
Jewellery
 d - a ring of flight
 r - a ring of poison resistance (right hand)
 D - a ring of protection from cold
 H - a ring of see invisible
 M - an amulet of the acrobat (around neck)
 N - a ring of protection from fire
 T - a ring of willpower (left hand)
Wands
 p - a wand of paralysis (9)
 B - a wand of acid (6)
 F - a wand of roots (16)
Scrolls
 b - 4 scrolls of fog
 c - 5 scrolls of teleportation
 f - a scroll of brand weapon {unknown}
 i - 2 scrolls of butterflies
 l - a scroll of vulnerability {unknown}
 q - 2 scrolls of torment
 u - a scroll of blinking
 x - 2 scrolls of poison
 C - a scroll of fear {unknown}
 J - a scroll of immolation
Potions
 g - 3 potions of mutation
 h - a potion of resistance {unknown}
 j - 2 potions of ambrosia {unknown}
 k - 7 potions of might {unknown}
 n - a potion of heal wounds {unknown}
 s - 5 potions of enlightenment {unknown}
 t - 2 potions of brilliance {unknown}
 v - 2 potions of haste {unknown}
 z - 3 potions of lignification {unknown}
 A - a potion of invisibility {unknown}
 G - a potion of curing {unknown}
 K - a potion of cancellation {unknown}


   Skills:
 * Level 14.4 Fighting
 * Level 18.8 Maces & Flails
 * Level 9.3 Throwing
 + Level 12.5 Armour
 + Level 6.7 Dodging
 + Level 1.2 Stealth
 + Level 0.3 Evocations


You had 12 spell levels left.
You didn't know any spells.
Your spell library was empty.

Dungeon Overview and Level Annotations

Branches:
Dungeon (15/15)            Temple (0/1) D:5            Lair (0/5) D:11
    Orc (0/2) D:10         Vaults (0/5) D:14        Ossuary (visited)
 Bailey (visited)         Gauntlet (visited)
 Depths: D:15

Altars:
Cheibriados
Dithmenos
Elyvilon
Fedhas
Gozag
Trog
Uskayaw
Vehumet
Xom
Zin

Shops:
D:2 =   D:9 :

Portals:
Trove: D:12 (give +4 storm dragon scales)


Innate Abilities, Weirdness & Mutations

You have a pair of horns on your head.
You reflexively headbutt those who attack you in melee.


Message History

You closely miss the wretched star.
The wretched star is heavily damaged.
You closely miss the wretched star. Your headbutt misses the wretched star.
You punch the wretched star.
The wretched star is severely damaged.
You completely miss the wretched star.
The wretched star is severely damaged.
The ancient zyme hits you but does no damage. x2
The chaos spawn tail-slaps you but does no damage.
You barely miss the wretched star.
The wretched star is severely damaged.
You whack the wretched star! You burn the wretched star.
The wretched star is severely damaged.
You whack the wretched star! You burn the wretched star.
Your punch misses the wretched star.
The wretched star is almost destroyed.
The ancient zyme hits you but does no damage. x2
The wretched star glows turbulently.
The lance of force hits you but does no damage.
The chaos spawn barely misses you.
You hit the wretched star.
You destroy the wretched star!
The wretched star dissolves into shadows!
You whack the chaos spawn! You burn the chaos spawn.
The chaos spawn is moderately wounded.
You thrash the chaos spawn!! You burn the chaos spawn.
You kill the chaos spawn!
The chaos spawn degenerates into a cloud of primal chaos!
The ancient zyme hits you but does no damage. x2
You punish the glowing orange brain, causing immense pain!!!
You burn the glowing orange brain.
The glowing orange brain is severely wounded.
You whack the glowing orange brain! You burn the glowing orange brain.
You kill the glowing orange brain!
Trog accepts your kill.
You thrash the ancient zyme!! You burn the ancient zyme.
You headbutt the ancient zyme.
The ancient zyme is almost destroyed.
The ancient zyme hits you!
You die...

. #. #. .
.### #...##
######.#...#
.##@...#
#x.#...#
##.#.#.##
#....# #
#.#.#..# #.
G#.# .. #..#
.## # . #.


You could see an ancient zyme.

Vanquished Creatures
  Roxanne (D:14)
  A reaper (Abyss:3)
  A quicksilver ooze (Gauntlet)
  A minotaur (Gauntlet)
  Josephine (D:12)
  8 vault guards (D:14)
  A hydra (D:14)
  Erolcha (D:13)
  3 centaur warriors (D:13)
  3 boulder beetles
  A two-headed ogre (D:13)
  Urug (D:12)
  An orc high priest (Bailey)
  3 skysharks (D:12)
  Lodul (D:11)
  A glowing orange brain (Abyss:3)
  Pikel (D:5)
  3 deep elf pyromancers
  2 ugly things (D:13)
  Maurice (D:12)
  4 manticores
  An elephant (shapeshifter) (D:13)
  A rust devil (Abyss:3)
  3 unseen horrors
  A gargoyle (D:12)
  A komodo dragon (D:11)
  5 kobold demonologists
  A freezing wraith (D:9)
  2 guardian mummies (D:12)
  2 tengu conjurers
  3 merfolk (D:12)
  6 trolls
  A hornet (D:7)
  4 raiju (Abyss:3)
  4 centaur simulacra (Gauntlet)
  8 slime creatures
  A wyvern (D:8)
  6 wraiths
  2 water elementals (D:12)
  18 yaks
  2 starcursed masses (Abyss:3)
  A steam dragon (D:6)
  2 acid dragons
  6 water moccasins
  A sky beast (D:7)
  An ice beast (D:6)
  A meliai simulacrum (Gauntlet)
  17 orc warriors
  5 black bears
  9 ogres
  3 boggarts (D:13)
  A lemure (D:5)
  7 centaurs
  7 kobold brigands
  6 bullfrogs
  9 scorpions
  3 wights (D:8)
  4 killer bees
  An electric eel (D:10)
  2 howler monkeys
  2 wyvern simulacra (Gauntlet)
  3 centaur zombies (Ossuary)
  3 jellies
  8 orc priests
  A human zombie (Ossuary)
  4 sleepcaps
  2 iguanas
  17 orc wizards
  5 scorpion zombies (Ossuary)
  3 mummies (Ossuary)
  3 adders
  9 gnolls
  7 white imps
  2 ufetubi (D:6)
  3 adder zombies (Ossuary)
  3 dart slugs
  2 ribbon worms
  60 orcs
  12 ball pythons
  2 bats (D:1)
  6 endoplasms
  5 giant cockroaches
  4 gnoll zombies (Ossuary)
  20 goblins
  12 hobgoblins
  4 jackals (D:1)
  28 kobolds
  A quokka (D:1)
  2 ball python zombies (Ossuary)
  4 frilled lizards
  3 jackal zombies (Ossuary)
  3 orc zombies (Ossuary)
  10 rats
451 creatures vanquished.

Vanquished Creatures (collateral kills)
  A manticore (D:14)
1 creature vanquished.

Vanquished Creatures (others)
  An arcanist (D:4)
  An unseen horror (D:13)
  A boggart (D:13)
3 creatures vanquished.

Grand Total: 455 creatures vanquished

Notes
Turn   | Place    | Note
-------+----------+-------------------------------------------
     0 | D:1      | BlackCrag the Minotaur Berserker began the quest for the
                  | Orb.
     0 | D:1      | Reached XP level 1. HP: 19/19 MP: 0/0
   143 | D:1      | Reached skill level 4 in Maces & Flails
   143 | D:1      | Reached XP level 2. HP: 27/27 MP: 1/1
   566 | D:1      | Reached ** piety under Trog
   669 | D:1      | Reached XP level 3. HP: 28/34 MP: 2/2
  1445 | D:2      | Found Hiehyu's Jewellery Boutique.
  2371 | D:3      | Reached XP level 4. HP: 29/41 MP: 3/3
  2372 | D:3      | Reached skill level 5 in Maces & Flails
  2908 | D:4      | Found a bloodstained altar of Trog.
  2909 | D:4      | Noticed a wizard
  2914 | D:4      | Killed a wizard
  2921 | D:4      | Found a sand-covered staircase.
  2930 | Ossuary  | Entered an ossuary
  2936 | Ossuary  | Noticed a scorpion
  2952 | Ossuary  | Killed a scorpion
  2953 | Ossuary  | Reached skill level 5 in Fighting
  2953 | Ossuary  | Reached XP level 5. HP: 40/48 MP: 4/4
  3030 | Ossuary  | Reached skill level 6 in Maces & Flails
  3054 | Ossuary  | Reached *** piety under Trog
  3069 | Ossuary  | Reached XP level 6. HP: 56/56 MP: 5/5
  3218 | Ossuary  | Reached skill level 7 in Maces & Flails
  3275 | Ossuary  | Reached XP level 7. HP: 63/63 MP: 6/6
  3430 | Ossuary  | Reached skill level 8 in Maces & Flails
  4117 | D:4      | Found a hide-covered altar of Uskayaw.
  4133 | D:4      | Found a shimmering altar of Xom.
  4165 | D:4      | Reached skill level 9 in Maces & Flails
  4738 | D:5      | Entered Level 5 of the Dungeon
  4749 | D:5      | Reached XP level 8. HP: 71/71 MP: 7/7
  4912 | D:5      | Found a radiant altar of Vehumet.
  4953 | D:5      | Found a staircase to the Ecumenical Temple.
  5056 | D:5      | Found a blossoming altar of Fedhas.
  5087 | D:5      | Reached skill level 10 in Maces & Flails
  5120 | D:5      | Reached skill level 5 in Armour
  5196 | D:5      | Noticed Pikel
  5210 | D:5      | Killed Pikel
  5211 | D:5      | Reached skill level 11 in Maces & Flails
  5648 | D:5      | Reached XP level 9. HP: 79/79 MP: 8/8
  6318 | D:6      | Reached skill level 12 in Maces & Flails
  6469 | D:6      | Found a white marble altar of Elyvilon.
  6477 | D:6      | Found a glowing silver altar of Zin.
  7151 | D:7      | Found a shadowy altar of Dithmenos.
  7480 | D:7      | Found an opulent altar of Gozag.
  7721 | D:8      | Found a flagged portal.
  7726 | D:8      | Reached **** piety under Trog
  7751 | Bailey   | Entered a bailey
  7788 | Bailey   | Reached skill level 1 in Throwing
  7833 | Bailey   | Noticed a kobold demonologist
  7846 | Bailey   | Killed a kobold demonologist
  7847 | Bailey   | Reached skill level 13 in Maces & Flails
  7847 | Bailey   | Reached XP level 10. HP: 90/90 MP: 9/9
  8627 | Bailey   | Found an iron altar of Okawaru.
  8628 | Bailey   | Noticed an orc high priest
  8650 | Bailey   | Killed an orc high priest
  8651 | Bailey   | Reached skill level 1 in Stealth
  8767 | Bailey   | Acquired the +3 pair of boots of the Spider Nest {+Inv
                  | rN+++ rCorr MP-9}
  8859 | D:8      | You fall into a shaft and drop 1 floor!
  8899 | D:9      | Found a snail-covered altar of Cheibriados.
  8912 | D:9      | Found Jafreid's Book Shoppe.
 10151 | D:9      | Reached skill level 5 in Throwing
 10153 | D:9      | Reached ***** piety under Trog
 10154 | D:9      | Reached skill level 5 in Dodging
 10286 | D:9      | Reached skill level 10 in Armour
 10302 | D:9      | Reached XP level 11. HP: 72/97 MP: 1/10
 10404 | D:9      | Identified the +1 leather armour "Ocser" {Dex+7}
 10710 | D:10     | Entered Level 10 of the Dungeon
 10837 | D:10     | Received a gift from Trog
 11090 | D:10     | Found a staircase to the Orcish Mines.
 11802 | D:11     | Reached skill level 14 in Maces & Flails
 11920 | D:11     | Noticed Lodul
 12046 | D:11     | Reached skill level 10 in Fighting
 12062 | D:11     | Killed Lodul
 12187 | D:11     | Found a staircase to the Lair.
 12478 | D:11     | Received a gift from Trog
 13014 | D:12     | Noticed Maurice
 13032 | D:12     | Killed Maurice
 13036 | D:12     | Reached skill level 15 in Maces & Flails
 13350 | D:12     | Noticed a boulder beetle
 13359 | D:12     | Killed a boulder beetle
 13360 | D:12     | Reached XP level 12. HP: 79/110 MP: 2/11
 13367 | D:12     | Identified the +2 broad axe of Valiance {freeze, ^Contam
                  | rElec rCorr Dex+2}
 13491 | D:12     | Found a portal to a secret trove of treasure.
 14018 | D:12     | Noticed a boulder beetle
 14026 | D:12     | Killed a boulder beetle
 14056 | D:12     | Noticed Josephine
 14068 | D:12     | Killed Josephine
 14069 | D:12     | Reached skill level 16 in Maces & Flails
 14295 | D:12     | Identified the +4 war axe of the Eternal Warrior {pain, rN+
                  | MP-9 Str+3}
 14304 | D:12     | Found a runed translucent door.
 14568 | D:12     | Found the +2 pair of slick slippers {slick, slippery, EV+4}
 14634 | D:12     | Noticed Urug
 14643 | D:12     | Killed Urug
 15315 | D:13     | Noticed a centaur warrior
 15317 | D:13     | Noticed a tengu warrior
 15317 | D:13     | Noticed a boulder beetle
 15319 | D:13     | Noticed a boulder beetle
 15323 | D:13     | Noticed a boulder beetle
 15331 | D:13     | Reached skill level 17 in Maces & Flails
 15821 | D:13     | Noticed a two-headed ogre
 15836 | D:13     | Killed a two-headed ogre
 15888 | D:13     | Noticed a centaur warrior
 16026 | D:13     | Noticed a centaur warrior
 16035 | D:13     | Killed a centaur warrior
 16036 | D:13     | Reached XP level 13. HP: 103/119 MP: 3/12
 16164 | D:13     | Noticed Erolcha
 16169 | D:13     | Killed Erolcha
 17034 | D:14     | Found a gate leading to a gauntlet.
 17040 | Gauntlet | Entered a Gauntlet
 17040 | Gauntlet | Found a transporter.
 17044 | Gauntlet | Found a transporter.
 17045 | Gauntlet | Found a transporter.
 17060 | Gauntlet | Found a transporter.
 17061 | Gauntlet | Found a transporter.
 17064 | Gauntlet | Noticed a quicksilver ooze
 17071 | Gauntlet | Found a transporter.
 17087 | Gauntlet | Found a transporter.
 17096 | Gauntlet | Found a runed translucent door.
 17097 | Gauntlet | Found a transporter.
 17097 | Gauntlet | Noticed a dire elephant
 17098 | Gauntlet | Found a runed translucent door.
 17101 | Gauntlet | Found a transporter.
 17101 | Gauntlet | Found a transporter.
 17111 | Gauntlet | Found a transporter.
 17134 | Gauntlet | Found a transporter.
 17136 | Gauntlet | Found a transporter.
 17191 | Gauntlet | Found a transporter.
 17432 | Gauntlet | Killed a quicksilver ooze
 17501 | Gauntlet | Noticed a minotaur
 17508 | Gauntlet | Killed a minotaur
 17680 | D:14     | Found a gate to the Vaults.
 17691 | D:14     | Reached skill level 18 in Maces & Flails
 18181 | D:14     | Noticed Roxanne
 18197 | D:14     | Killed Roxanne
 18517 | D:15     | Entered Level 15 of the Dungeon
 18535 | Abyss:3  | Cast into level 3 of the Abyss (an occultist)
 18559 | Abyss:3  | Noticed a reaper
 18567 | Abyss:3  | Killed a reaper
 18595 | Abyss:3  | Noticed a starcursed mass
 18600 | Abyss:3  | Found a radiant altar of Vehumet.
 18642 | Abyss:3  | HP: 5/187 [chaos spawn[a glowing orange brain] (10)]
 18654 | Abyss:3  | Slain by an ancient zyme

Illustrated notes

Levels and vault maps discovered:
D:1:      elethiomel_arrival_infinity_welcomes_careful_drivers, layout_basic,
          serial_rivers, chequers_serial_rivers_marsh,
          chequers_serial_rivers_small_a, chequers_serial_rivers_micro_d,
          chequers_serial_rivers_micro_d, serial_bayou_pond_e
D:2:      layout_basic, serial_shops, shop, minmay_door_square,
          minmay_rat_gold_closets
D:3:      layout_loops_corners
D:4:      layout_gridville, nicolae_overflow_crystal_walls, xom_teletrap_fun,
          trog_wizard, nicolae_ossuary_entry_monument
D:5:      layout_rooms, mainiacjoe_overflow_small_starburst,
          mainiacjoe_overflow_alcove_4, minmay_temple_entry_glass,
          serial_rivers, chequers_serial_rivers_large_a,
          chequers_serial_rivers_small_b, chequers_serial_rivers_micro_b,
          chequers_serial_rivers_large_b, chequers_serial_rivers_room_a,
          chequers_serial_rivers_micro_e, uniq_pikel
D:6:      layout_basic, amethyst_overflow_temple_binary
D:7:      layout_basic, nicolae_gozag_seed_capital,
          nicolae_dithmenos_shadow_blocks, serial_rivers,
          chequers_serial_rivers_micro_b, chequers_serial_rivers_room_a,
          chequers_serial_rivers_micro_e, chequers_serial_rivers_micro_b
D:8:      corexii_shack_village, layout_basic, enter_bailey_5
D:9:      layout_gridville, cheibrodos_worm_habitat, serial_shops,
          nicolae_book_shop_shelving, lightli_fourway_metalbox
D:10:     layout_stronghold, erik_orc_2
D:11:     layout_irregular_city, due_lair_maze_entry_diamond, uniq_lodul
D:12:     layout_basic, nicolae_trove_entry_path_of_doom,
          nicolae_guarded_unrand_slippers, uniq_maurice, uniq_josephine,
          uniq_urug
D:13:     layout_layer_cave, uniq_erolcha
D:14:     layout_roguey, erik_vaults_2, serial_library_hellmonk_reading_circle,
          gauntlet_entry_generic, uniq_roxanne
D:15:     hangedman_depths_entry_civil_slaughter, layout_stronghold,
          serial_shops, nicolae_shop_tiny_real_fake_doors
Abyss:3:  base: D:8, small_statue_intersection, hangedman_decor_lopped

Skill      XL: |  1  2  3  4  5  6  7  8  9 10 11 12 13 |
---------------+----------------------------------------+-----
Maces & Flails | 4 5 6 7 9 11 13 15 17 18 | 18.8
Fighting       | 4 5 6 7 8 9 11 12 14 | 14.4
Armour         | 3 4 6 8 10 11 12 | 12.5
Dodging        | 3 4 5 6 |  6.7
Throwing       | 2 5 7 8 9 |  9.3
Stealth        | 1 |  1.2
Evocations     | |  0.3

Action                     |  1- 3 |  4- 6 |  7- 9 | 10-12 | 13-15 || total
---------------------------+-------+-------+-------+-------+-------++-------
  Melee: Mace              |   123 |   119 |   133 |       |       ||   375
         Punch             |     2 |       |     2 |     4 |     3 ||    11
         Headbutt          |    18 |    26 |    55 |   115 |    51 ||   265
         Whip              |       |       |   164 |   211 |       ||   375
         Flail             |       |       |       |     7 |       ||     7
         Dire flail        |       |       |       |   211 |       ||   211
         Great mace        |       |       |       |   175 |    58 ||   233
         Demon whip        |       |       |       |       |   147 ||   147
  Throw: Boomerang         |       |       |    10 |   128 |    23 ||   161
 Invoke: Berserk           |       |     1 |     5 |     8 |     6 ||    20
         Trog's Hand       |       |     1 |     5 |     4 |     3 ||    13
         Brothers in Arms  |       |       |       |       |     1 ||     1
  Evoke: Wand              |       |       |       |     2 |     4 ||     6
    Use: Scroll            |       |     3 |     7 |    10 |     7 ||    27
   Stab: Distracted        |       |       |       |       |     1 ||     1
 Armour: Animal skin       |    36 |       |       |       |       ||    36
         Scale mail        |    38 |    74 |    39 |       |       ||   151
         Chain mail        |       |       |   139 |   131 |       ||   270
         Plate armour      |       |       |       |   361 |   146 ||   507
  Dodge: Dodged            |    71 |    43 |    85 |   210 |    66 ||   475
